Map: Ruins of Seras

Players

NightEnD

  • Race: Protoss Protoss
  • League: Grandmaster

FireCake - Winner!

  • Race: Zerg Zerg
  • League: Grandmaster

Event: Homestory Cup XII

VOD

Have the link to the VOD?

Description

Time

  • Played on: Dec. 17, 2015, 1:39 p.m.
  • Length: 4:01

All games in this series

Show
View Real Time Build Order
Export as new Build Order

NightEnD Protoss 

Build Orders: 1 Gate Expand 

Get SALT Encoding   

  12  0:00  Probe (Chrono Boost)  
  13  0:11  Probe (Chrono Boost)  
  14  0:20  Pylon  
  14  0:22  Probe (Chrono Boost)  
  15  0:38  Probe (Chrono Boost)  
  16  0:45  Gateway  
  16  0:49  Probe (Chrono Boost)  
  17  0:58  Assimilator  
  17  1:00  Probe (Chrono Boost)  
  18  1:10  Probe (Chrono Boost)  
  19  1:21  Probe (Chrono Boost)  
  20  1:29  Nexus  
  20  1:32  Probe (Chrono Boost)  
  21  1:42  Cybernetics Core  
  21  1:45  Probe (Chrono Boost)  
  22  1:51  Pylon  
  22  1:57  Probe (Chrono Boost)  
  22  2:01  Assimilator  
  23  2:09  Probe (Chrono Boost)  
  23  2:10  Zealot  
  26  2:20  Probe (Chrono Boost)  
  27  2:30  Probe (Chrono Boost)  
  28  2:41  Probe x2 (Chrono Boost), Pylon  
  30  2:49  Gateway  
  30  2:51  Probe (Chrono Boost)  
  30  2:52  Probe (Chrono Boost)  
  30  2:54  Adept  
  34  3:02  Probe (Chrono Boost)  
  34  3:04  Probe (Chrono Boost)  
  36  3:09  Stargate  
  37  3:12  Probe (Chrono Boost)  
  37  3:15  Probe (Chrono Boost)  
  38  3:21  Adept  
  38  3:23  Probe (Chrono Boost)  
  39  3:28  Pylon  
  39  3:30  Probe (Chrono Boost)  
  34  3:34  Mothership Core (Chrono Boost)  
  34  3:40  Probe (Chrono Boost)  
Show
View Real Time Build Order
Export as new Build Order

FireCake Zerg - Winner!

Build Orders: Hatch First 

Get SALT Encoding   

  12  0:00  Drone  
  13  0:07  Drone  
  14  0:17  Overlord  
  14  0:21  Extractor  
  14  0:23  Drone  
  15  0:35  Drone x2  
  17  0:52  Hatchery  
  17  0:56  Drone  
  17  0:58  Extractor  
  17  1:00  Drone  
  17  1:07  Drone  
  18  1:19  Spawning Pool  
  18  1:22  Drone  
  18  1:26  Drone  
  19  1:37  Overlord  
  19  1:49  Drone  
  20  2:05  Metabolic Boost, Queen x2  
  20  2:06  Zergling x2  
  25  2:09  Drone  
  26  2:16  Zergling x4  
  28  2:23  Zergling x2  
  28  2:25  Evolution Chamber  
  28  2:36  Zergling x4  
  30  2:46  Zergling x2  
  30  2:47  Zergling x2  
  32  2:55  Overlord  
  33  2:58  Zergling x4  
  34  3:12  Zergling x4  
  36  3:16  Zergling x12  
  42  3:22  Overlord  
  42  3:28  Drone x2  
  44  3:40  Drone  
  44  3:41  Drone  
  46  3:43  Hatchery  
Tags
 
Add a new tag
Caveats
  • Supply blocks, unpowered buildings, or Contaminate may cause inaccurate times.
  • Supply counts are checked every 10 seconds.